 Dungeon Crawl Stone Soup version 0.17-a0-1798-g879a7aa (webtiles) character file.

71 shakdrar the Skirmisher (level 4, -2/37 HPs)
             Began as a Demonspawn Abyssal Knight on Sept 10, 2015.
             Was a Believer of Lugonu.
             Killed from afar by an orc wizard (11 damage)
             ... with a magic dart
             ... on level 3 of the Dungeon.
             The game lasted 00:05:35 (2598 turns).

shakdrar the Skirmisher (Demonspawn Abyssal Knight) Turns: 2598, Time: 00:05:36

Health: -2/37      AC:  4    Str: 13    XL:     4   Next: 5%
Magic:  6/6        EV: 11    Int: 13    God:    Lugonu [**....]
Gold:   140        SH:  0    Dex: 13    Spells: 0 memorised, 3 levels left

rFire  . . .     SeeInvis .     a - +2 hand axe
rCold  . . .     Clarity  .     b - +0 leather armour
rNeg   . . .     SustAt   .     (no shield)
rPois  .         Gourm    .     (no helmet)
rElec  .         Spirit   .     (no cloak)
rCorr  .         Warding  .     (no gloves)
rMut   .         Stasis   .     (no boots)
MR     .....                    (no amulet)
Stlth  +.........               (no ring)
                                (no ring)

@: not resistant to hostile enchantments, very unstealthy
A: talons 1, icy blue scales 1
a: Depart the Abyss, Bend Space, Renounce Religion


You were on level 3 of the Dungeon.
You worshipped Lugonu.
Lugonu was pleased with you.
You were not hungry.

You visited 1 branch of the dungeon, and saw 3 of its levels.
You visited the Abyss 1 time.

You collected 140 gold pieces.

Inventory:

Hand weapons
 a - a +2 hand axe (weapon)
 j - a +2 hunting sling of flaming
Missiles
 h - 11 poisoned needles
 k - 65 stones (quivered)
Armour
 b - a +0 leather armour (worn)
Scrolls
 d - 3 scrolls of remove curse {unknown}
Potions
 e - a potion of flight {unknown}
 f - a potion of heal wounds {unknown}
 g - a potion of ambrosia
 m - a potion of brilliance
Comestibles
 c - 2 bread rations
 i - a meat ration


   Skills:
 + Level 3.8 Fighting
 + Level 2.5 Axes
 + Level 2.1 Armour
 + Level 1.4 Dodging
 + Level 2.7 Invocations


You had 3 spell levels left.
You didn't know any spells.

Dungeon Overview and Level Annotations

Branches:
Dungeon (3/15)

Altars:


Innate Abilities, Weirdness & Mutations

You have sharp toenails.
You are partially covered in icy blue scales (AC +1).


Message History

You hit the orc but do no damage.
The orc is heavily wounded.
The orc wizard closely misses you. The orc barely misses you.
The orc wizard closely misses you.
Unknown command.
You hit the orc wizard. Your kick misses the orc wizard.
The orc wizard is heavily wounded.
You hit the orc.
You kill the orc!
Lugonu accepts your kill. The orc wizard misses you.
The orc wizard casts a spell.
The orc wizard blinks!
Found a stone staircase leading down.
The orc wizard points at you and mumbles some strange words.
You resist with some effort.
The orc wizard hits you but does no damage.
The orc wizard casts a spell at you. The magic dart hits you!
You die...

#####.## #####.##..#
.......#.## #....#
.> #.##.#
...[....##.#
......####.##
........##..########
#.##. #.o@...)......
# .. #.....)....###
#. #.....[.####
+...........#
...#.......#
#..........#
.....######## ....#
...


You could see an orc wizard.

Vanquished Creatures
  3 adders (D:2)
  A giant gecko (D:2)
  3 orcs (D:3)
  2 giant cockroaches
  7 hobgoblins
  7 kobolds
  A quokka (D:2)
  5 bats
  3 giant newts
  5 goblins
  4 rats (D:1)
41 creatures vanquished.

Notes
Turn   | Place    | Note
--------------------------------------------------------------
     0 | Abyss:1  | shakdrar the Demonspawn Abyssal Knight began the quest for the Orb.
     0 | Abyss:1  | Reached XP level 1. HP: 18/18 MP: 2/2
    10 | D:1      | Escaped the Abyss
   486 | D:1      | Gained mutation: You are partially covered in icy blue scales (AC +1). [demonic ancestry]
   486 | D:1      | Reached XP level 2. HP: 24/24 MP: 3/3
   527 | D:1      | Reached skill level 1 in Dodging
  1112 | D:2      | Acquired Lugonu's second power
  1318 | D:2      | Gained mutation: You have sharp toenails. [demonic ancestry]
  1318 | D:2      | Reached XP level 3. HP: 19/29 MP: 5/5
  2199 | D:2      | Found a faded altar to an unknown god.
  2588 | D:3      | Reached XP level 4. HP: 28/37 MP: 6/6
  2598 | D:3      | Killed from afar by an orc wizard

Vault maps used:
D:1:      lemuel_arrival_lava_pool
D:2:      ecumenical_altar_1
D:3:      tgw_trog, grunt_ministairs_15, minmay_crystal_water,
          nemelex_spade_bored_becter

Action                   |  1- 3 |  4- 6 || total
-------------------------+-------+-------++-------
Melee: Hand axe          |   132 |     5 ||   137
  Use: Potion            |     4 |       ||     4
       Scroll            |     5 |       ||     5
  Eat: Bread ration      |     1 |       ||     1
       Pizza             |     1 |       ||     1
